 Dungeon Sprint DCSS version 0.27.1-33-g824d729ab1 (webtiles) character file.

Game seed: 947561452591007901

9618 Hipnos the Worldbinder (level 11, 0/57 HPs)
             Began as a Deep Elf Summoner on Nov 29, 2021.
             Was the Champion of Sif Muna.
             Slain by the 27-headed Lernaean hydra (1 damage)
             ... in the Dungeon (Sprint I: "Red Sonja").
             The game lasted 00:38:29 (5441 turns).

Hipnos the Worldbinder (Deep Elf Summoner)          Turns: 5441, Time: 00:38:29

Health: 0/57       AC: 12    Str:  1    XL:     11   Next: 25%
Magic:  3/35       EV: 14    Int: 30    God:    Sif Muna [******]
Gold:   1221       SH:  0    Dex: 15    Spells: 4/47 levels left

rFire    + . .     SeeInvis .   h - +1 scythe (flame)
rCold    . . .     Faith    .   (shield currently unavailable)
rNeg     . . .     Spirit   .   a - +0 robe
rPois    .         Reflect  .   n - +0 helmet {Int+3}
rElec    .         Harm     .   (no cloak)
rCorr    .         Rampage  .   k - +2 pair of gloves {archery}
Will     +....     NoTele   +   l - +1 pair of boots
Stlth    ++........             p - amulet of magic regeneration
HPRegen  0.19/turn              m - +4 ring of protection
MPRegen  0.49/turn              e - ring of Tina {rF+ Str-4 Int+3}

@: calling dragons, very slow
A: hooves 1
a: Renounce Religion, Channel Magic, Forget Spell, Divine Exegesis


You were in the Dungeon.
You worshipped Sif Muna.
Sif Muna was exalted by your worship.
You visited 1 branch You collected 4177 gold pieces.
You spent 2956 gold pieces at shops.

Inventory:

Hand Weapons
 h - a +1 scythe of flaming (weapon)
Armour
 a - a +0 robe (worn)
 k - a +2 pair of gloves of archery (worn)
 l - a +1 pair of boots (worn)
 n - a +0 helmet of intelligence (worn)
 o - a +1 helmet
Jewellery
 e - the ring of Tina (right hand) {rF+ Str-4 Int+3}
   (You bought it in a shop in the Dungeon)

   [ring of protection from fire]

   Str:       It affects your strength (-4).
   Int:       It affects your intelligence (+3).
   rF:        It protects you from fire.
 m - a +4 ring of protection (left hand)
 p - an amulet of magic regeneration (around neck)
Scrolls
 g - a scroll of blinking
 i - a scroll of magic mapping {unknown}
Potions
 b - a potion of mutation {unknown}
 d - a potion of degeneration {unknown}
 f - a potion of berserk rage
 j - a potion of curing


   Skills:
 + Level 1.7 Fighting
 - Level 1.0 Polearms
 + Level 5.7 Dodging
 - Level 3.8 Stealth
 + Level 18.7 Spellcasting
 + Level 4.0 Hexes
 * Level 21.7 Summonings
 + Level 2.9 Air Magic
 * Level 3.8 Invocations


You had 4 spell levels left.
You knew the following spells:

 Your Spells              Type           Power      Damage    Failure   Level
a - Summon Small Mammal   Summ           100%       N/A       0%          1
b - Call Imp              Summ           100%       N/A       0%          2
c - Call Canine Familiar  Summ           100%       N/A       0%          3
d - Summon Guardian Gole  Hex/Summ       81%        N/A       1%          3
e - Summon Lightning Spi  Summ/Air       80%        N/A       1%          4
f - Airstrike             Air            22%        N/A       4%          4
g - Summon Hydra          Summ           51%        N/A       1%          7
h - Swiftness             Air            45%        N/A       1%          3
i - Monstrous Menagerie   Summ           51%        N/A       1%          7
j - Dragon's Call         Summ           51%        N/A       19%         9

Your spell library contained the following spells:

 Spells                   Type           Power      Damage    Failure   Level
 Apportation              Tloc           56%        N/A       1%          1
 Corona                   Hex            56%        N/A       1%          1
 Shock                    Conj/Air       100%       1d9       1%          1
 Slow                     Hex            51%        N/A       1%          2
 Confusing Touch          Hex            51%        N/A       1%          3
 Animate Armour           Summ/Erth      100%       N/A       1%          4
 Summon Ice Beast         Ice/Summ       76%        N/A       1%          4
 Sublimation of Blood     Necr           14%        N/A       2%          2
 Wereblood                Tmut           28%        N/A       2%          2
 Ignite Poison            Fire/Tmut/Pois 28%        N/A       4%          3
 Spider Form              Tmut/Pois      14%        N/A       4%          3
 Stone Arrow              Conj/Erth      56%        3d10      4%          3
 Animate Dead             Necr           14%        N/A       14%         4
 Summon Forest            Summ/Tloc      38%        N/A       1%          5
 Summon Mana Viper        Hex/Summ       81%        N/A       1%          5
 Shadow Creatures         Summ           N/A        N/A       1%          6
 Summon Horrible Things   Summ           51%        N/A       1%          8
 Haunt                    Necr/Summ      38%        N/A       14%         7
 Malign Gateway           Summ/Tloc      38%        N/A       14%         7
 Spellforged Servitor     Conj/Summ      38%        N/A       14%         7
 Alistair's Intoxication  Tmut/Pois      18%        N/A       36%         5
 Blade Hands              Tmut           14%        N/A       36%         5
 Bolt of Magma            Conj/Fire/Erth 14%        4d8       36%         5
 Borgnjor's Vile Clutch   Necr/Erth      14%        N/A       36%         5
 Fireball                 Conj/Fire      14%        3d8       36%         5
 Lee's Rapid Deconstruct  Erth           14%        3d10*     36%         5
 Eringya's Noxious Bog    Tmut/Pois      14%        N/A       91%         6
 Discord                  Hex            25%        N/A       100%        8
 Disjunction              Tloc           14%        N/A       100%        8
 Infestation              Necr           14%        N/A       100%        8


Dungeon Overview and Level Annotations

Branches:
Dungeon (1/1)

Altars:
Cheibriados
Dithmenos
Elyvilon
Fedhas
Gozag
Hepliaklqana
Kikubaaqudgha
Makhleb
Nemelex Xobeh
Okawaru
Qazlal
Ru
Sif Muna
Trog
Uskayaw
Vehumet
Wu Jian
Xom
Yredelemnul
Zin
The Shining One
Jiyva
Lugonu

Shops:
D (=**!!?*[[[**=(([[[[!

Annotations:
D Lernaean hydra


Innate Abilities, Weirdness & Mutations

You have large cloven feet.


Message History

The 27-headed Lernaean hydra bites your lightning spire. x2
The 27-headed Lernaean hydra bites your lightning spire!
The 27-headed Lernaean hydra bites your lightning spire!!
The 27-headed Lernaean hydra bites your lightning spire but does no damage.
The 27-headed Lernaean hydra bites your lightning spire.
Your lightning spire is destroyed!
Your lightning spire disappears in a puff of smoke!
Casting: Summon Lightning Spire (safe; 1% risk of failure)
Confirm with . or Enter, or press ? or * to list all spells.
Okay, then.
Casting: Summon Lightning Spire (safe; 1% risk of failure)
Confirm with . or Enter, or press ? or * to list all spells.
The spell is potentially lethal to cast (19% risk of failure)!
Continue anyway?
You call out to the draconic realm, and the dragon horde roars back!
A dragon arrives to answer your call!
Your quicksilver dragon bites the 27-headed Lernaean hydra.
Your quicksilver dragon claws the 27-headed Lernaean hydra.
Okay, then.
Press: ? - help, v - describe, . - travel
Here: the 27-headed Lernaean hydra (lightly wounded, ally target) Some shallow water.
A dragon arrives to answer your call!
A dragon tries to answer your call, but you don't have enough magical power!
Your quicksilver dragon breathes dispelling energy at the 27-headed Lernaean hydra.
The bolt of dispelling energy hits the 27-headed Lernaean hydra!!!
The 27-headed Lernaean hydra bites you but does no damage. x2
The 27-headed Lernaean hydra bites you. The 27-headed Lernaean hydra bites you!
The 27-headed Lernaean hydra bites you but does no damage. x3
The 27-headed Lernaean hydra bites you! The 27-headed Lernaean hydra bites you.
The 27-headed Lernaean hydra bites you! x2
* * * LOW HITPOINT WARNING * * *
The 27-headed Lernaean hydra bites you but does no damage. x2
The 27-headed Lernaean hydra bites you!
* * * LOW HITPOINT WARNING * * *
The 27-headed Lernaean hydra bites you but does no damage.
The 27-headed Lernaean hydra bites you.
* * * LOW HITPOINT WARNING * * *
The 27-headed Lernaean hydra closely misses you.
The 27-headed Lernaean hydra bites you.
You die...

###.#.≈..#
#.###..#
#.#°+..#
#+#°##'##
#°#≈≈≈## #
#≈≈≈≈## #≈≈≈≈≈#
#####
####≈≈D≈#≈≈≈≈≈#
#..#'§@DD≈≈.≈≈+
#...##≈≈#≈≈≈≈≈#
#....#### #+###
#....# ######


You could see the 27-headed Lernaean hydra (ally target), a friendly golden
dragon (summoned) and a friendly quicksilver dragon (summoned, catching breath).

Vanquished Creatures
  A shining eye (D)
1 creature vanquished.

Vanquished Creatures (collateral kills)
  A deep elf annihilator (D)
  A mummy priest (D)
  A hydra (D)
  2 centaur warriors (D)
  A deep troll (D)
  A lindwurm (D)
  A nameless horror (D)
  2 oklob plants (D)
  7 shining eyes (D)
  2 merfolk sirens (D)
  A gargoyle (D)
  7 unseen horrors (D)
  2 kobold demonologists (D)
  A hellwing (D)
  4 demonic crawlers (D)
  5 hornets (D)
  A slime creature (D)
  Sigmund (D)
  2 redbacks (D)
  13 hogs (D)
  7 floating eyes (D)
  7 necrophages (D)
  An ogre (D)
  8 jellies (D)
  Ijyb (D)
80 creatures vanquished.

Vanquished Creatures (others)
  Sonja (D)
  A gargoyle (D)
  A yak (D)
  2 ballistomycete spores (D)
5 creatures vanquished.

Grand Total: 86 creatures vanquished

Notes
Turn   | Place    | Note
-------+----------+-------------------------------------------
     0 | D        | Hipnos the Deep Elf Summoner began the quest for the Orb.
     0 | D        | Reached XP level 1. HP: 10/10 MP: 6/6
     1 | D        | Noticed Ijyb
    13 | D        | Killed a gargoyle
    23 | D        | Killed Ijyb
    24 | D        | Reached skill level 6 in Summonings
    24 | D        | Reached XP level 2. HP: 11/15 MP: 3/8
    96 | D        | Learned a level 2 spell: Call Imp
    97 | D        | Noticed an ogre
   104 | D        | Killed an ogre
   105 | D        | Reached skill level 8 in Summonings
   105 | D        | Reached XP level 3. HP: 19/19 MP: 2/10
   171 | D        | Learned a level 3 spell: Call Canine Familiar
   174 | D        | Noticed Sigmund
   184 | D        | Killed Sigmund
   185 | D        | Reached skill level 5 in Spellcasting
   185 | D        | Reached skill level 10 in Summonings
   185 | D        | Reached XP level 4. HP: 24/24 MP: 2/13
   269 | D        | Learned a level 3 spell: Summon Guardian Golem
   274 | D        | Learned a level 4 spell: Summon Lightning Spire
   284 | D        | Found an ornate altar of the Wu Jian Council.
   284 | D        | Found a shimmering blue altar of Sif Muna.
   287 | D        | Found a radiant altar of Vehumet.
   293 | D        | Reached XP level 5. HP: 28/28 MP: 11/15
   302 | D        | Found Picedina's Assorted Antiques.
   302 | D        | Found an ancient bone altar of Kikubaaqudgha.
   302 | D        | Found a hazy altar of Hepliaklqana.
   302 | D        | Found a stormy altar of Qazlal.
   302 | D        | Found a hide-covered altar of Uskayaw.
   302 | D        | Found a blossoming altar of Fedhas.
   302 | D        | Found a bloodstained altar of Trog.
   302 | D        | Found an iron altar of Okawaru.
   302 | D        | Found a basalt altar of Yredelemnul.
   302 | D        | Found a glowing golden altar of the Shining One.
   302 | D        | Found a snail-covered altar of Cheibriados.
   302 | D        | Found a sacrificial altar of Ru.
   302 | D        | Found a glowing silver altar of Zin.
   302 | D        | Found a shadowy altar of Dithmenos.
   302 | D        | Found a white marble altar of Elyvilon.
   302 | D        | Noticed a yak
   317 | D        | Killed a yak
   318 | D        | Reached skill level 11 in Summonings
   389 | D        | Became a worshipper of Sif Muna the Loreminder
   400 | D        | Found an opulent altar of Gozag.
   417 | D        | Found a sparkling altar of Nemelex Xobeh.
   436 | D        | Found a burning altar of Makhleb.
   436 | D        | Found a viscous altar of Jiyva.
   436 | D        | Found a shimmering altar of Xom.
   436 | D        | Found a corrupted altar of Lugonu.
   436 | D        | Noticed a slime creature
   447 | D        | Killed a slime creature
   448 | D        | Reached skill level 12 in Summonings
   448 | D        | Reached XP level 6. HP: 32/32 MP: 10/18
   578 | D        | Noticed a kobold demonologist
   578 | D        | Noticed a floating eye
   580 | D        | Paralysed by a floating eye for 4 turns
   587 | D        | Paralysed by a floating eye for 2 turns
   590 | D        | Noticed a kobold demonologist
   592 | D        | Killed a floating eye
   593 | D        | Reached skill level 1 in Hexes
   593 | D        | Reached skill level 13 in Summonings
   596 | D        | Killed a kobold demonologist
   596 | D        | Reached * piety under Sif Muna
   602 | D        | Killed a kobold demonologist
   603 | D        | Reached skill level 14 in Summonings
   603 | D        | Reached XP level 7. HP: 36/36 MP: 12/22
   605 | D        | Noticed a demonic crawler
   605 | D        | Noticed a demonic crawler
   605 | D        | Noticed a demonic crawler
   605 | D        | Noticed a demonic crawler
   689 | D        | Noticed Sonja
   702 | D        | Killed Sonja
   703 | D        | Reached skill level 15 in Summonings
   703 | D        | Reached skill level 1 in Air Magic
   834 | D        | Found Vec Wine's Antique Weapon Boutique.
   897 | D        | Learned a level 4 spell: Airstrike
   901 | D        | Noticed a deep troll
   911 | D        | Killed a deep troll
   911 | D        | Reached ** piety under Sif Muna
   912 | D        | Reached XP level 8. HP: 41/41 MP: 16/26
   973 | D        | Found Ibbu's Armour Emporium.
   978 | D        | Bought a +2 pair of gloves of archery for 236 gold pieces
   978 | D        | Bought a +1 pair of boots for 126 gold pieces
  1008 | D        | Learned a level 7 spell: Summon Hydra
  1034 | D        | Killed a demonic crawler
  1035 | D        | Reached skill level 16 in Summonings
  1310 | D        | Noticed a nameless horror
  1325 | D        | Killed a demonic crawler
  1330 | D        | Killed a demonic crawler
  1339 | D        | Killed a demonic crawler
  1339 | D        | Reached *** piety under Sif Muna
  1569 | D        | Learned a level 3 spell: Swiftness
  1588 | D        | Noticed a gargoyle
  1592 | D        | Killed a gargoyle
  1601 | D        | Noticed a lindwurm
  1605 | D        | Killed a lindwurm
  1606 | D        | Reached skill level 17 in Summonings
  1606 | D        | Reached XP level 9. HP: 15/46 MP: 9/28
  1825 | D        | Reached **** piety under Sif Muna
  1836 | D        | Reached ***** piety under Sif Muna
  1839 | D        | Reached skill level 18 in Summonings
  1847 | D        | Reached skill level 1 in Fighting
  1858 | D        | Received a gift from Sif Muna
  1859 | D        | Reached skill level 15 in Spellcasting
  1868 | D        | Learned a level 7 spell: Monstrous Menagerie
  1882 | D        | Reached skill level 5 in Dodging
  1989 | D        | Noticed a 12-headed hydra
  1994 | D        | Killed a 12-headed hydra
  2177 | D        | Killed a nameless horror
  2311 | D        | Noticed a centaur warrior
  2314 | D        | Killed a centaur warrior
  2316 | D        | Noticed a centaur warrior
  2321 | D        | Killed a centaur warrior
  2321 | D        | Received a gift from Sif Muna
  2322 | D        | Reached skill level 19 in Summonings
  2322 | D        | Reached XP level 10. HP: 48/52 MP: 12/32
  2343 | D        | Noticed an oklob plant
  2357 | D        | Got Sif Muna's Collected Works on Icy Transmutation {god
                  | gift}
  2490 | D        | Killed an oklob plant
  2521 | D        | Paralysed by a floating eye for 2 turns
  2540 | D        | Received a gift from Sif Muna
  2541 | D        | Got Ifodeos's Incunabulum of Translocation {god gift}
  2558 | D        | Reached ****** piety under Sif Muna
  2607 | D        | Received a gift from Sif Muna
  2608 | D        | Got Sif Muna's Guide on Dusty Transmigration {god gift}
  2964 | D        | Found Ofifiddu's Assorted Antiques.
  2964 | D        | Found Kejic's Magic Scroll Shop.
  2964 | D        | Found Gidoij's Armour Boutique.
  2966 | D        | Found Kary's Armour Emporium.
  2966 | D        | Found Jasour's Antique Armour Shop.
  2966 | D        | Found Biak's Assorted Antiques.
  2966 | D        | Found Rugeant's General Store.
  2966 | D        | Found Egrehusme's Jewellery Emporium.
  2966 | D        | Found Pist's Weapon Shop.
  2966 | D        | Found Maekupn's Weapon Shoppe.
  2970 | D        | Found Ymaaste's Antique Armour Boutique.
  2971 | D        | Found Miuxiv's Armour Emporium.
  2971 | D        | Found Enadic's Armour Boutique.
  2972 | D        | Found Xaakhal's Distillery.
  2975 | D        | Bought the ring of Tina {rF+ Str-4 Int+3} for 328 gold
                  | pieces
  2992 | D        | Bought a scroll of acquirement for 676 gold pieces
  2992 | D        | Bought a scroll of acquirement for 676 gold pieces
  2997 | D        | Acquired 1104 gold pieces
  2998 | D        | Acquired 679 gold pieces
  3012 | D        | Bought a jade ring for 120 gold pieces
  3018 | D        | Bought a runed helmet for 202 gold pieces
  3018 | D        | Bought a shiny helmet for 202 gold pieces
  3077 | D        | Noticed a shining eye
  3077 | D        | Noticed a shining eye
  3077 | D        | Noticed a shining eye
  3077 | D        | Noticed a shining eye
  3077 | D        | Noticed a shining eye
  3077 | D        | Noticed a shining eye
  3078 | D        | Gained mutation: You have large cloven feet. [a shining
                  | eye]
  3083 | D        | Killed a shining eye
  3083 | D        | Received a gift from Sif Muna
  3084 | D        | Reached skill level 20 in Summonings
  3084 | D        | Killed a shining eye
  3085 | D        | Got Mnoleg's Reference Book on Companions {god gift}
  3086 | D        | Killed a shining eye
  3088 | D        | Killed a shining eye
  3089 | D        | Killed a shining eye
  3091 | D        | Noticed a shining eye
  3091 | D        | Noticed a shining eye
  3097 | D        | Killed a shining eye
  3097 | D        | Received a gift from Sif Muna
  3099 | D        | Killed a shining eye
  3102 | D        | Killed a shining eye
  3106 | D        | Got Zogaxzu's Grimoire of Enthralling Fire {god gift}
  3114 | D        | Found Fanuipn's Jewellery Shoppe.
  3114 | D        | Found Liushe's Distillery.
  3114 | D        | Found Qoexycs's General Store.
  3114 | D        | Found Zityopna's Distillery.
  3140 | D        | Bought an amulet of magic regeneration for 390 gold pieces
  3265 | D        | Noticed a daeva
  3314 | D        | Reached skill level 1 in Polearms
  3539 | D        | Reached skill level 21 in Summonings
  3539 | D        | Reached skill level 1 in Invocations
  3923 | D        | Reached XP level 11. HP: 52/57 MP: 25/35
  3960 | D        | Learned a level 9 spell: Dragon's Call
  4153 | D        | Received a gift from Sif Muna
  4160 | D        | Got Sif Muna's Volume of Hexes and Companions {god gift}
  4362 | D        | Noticed a deep elf annihilator
  4369 | D        | Killed a deep elf annihilator
  4389 | D        | Noticed a mummy priest
  4393 | D        | Noticed a flayed ghost
  4393 | D        | Noticed a jiangshi
  4717 | D        | Killed a mummy priest
  4717 | D        | Received a gift from Sif Muna
  4721 | D        | Got Nishutex's Tome of Supportive Dark Rites {god gift}
  4976 | D        | Noticed an oklob plant
  5179 | D        | Killed an oklob plant
  5436 | D        | Noticed the 27-headed Lernaean hydra
  5441 | D        | HP: 1/57 [the 27-headed Lernaean hydra (4)]
  5441 | D        | Slain by the 27-headed Lernaean hydra

Illustrated notes

Levels and vault maps discovered:
D:        dungeon_sprint_1 [red_sonja_temple_1, red_sonja_temple_small_1]

Skill      XL: |  1  2  3  4  5  6  7  8  9 10 11 |
---------------+----------------------------------+-----
Summonings     | 6 8 10 12 14 15 17 19 21 | 21.7
Spellcasting   | 4 5 7 9 12 13 16 18 | 18.7
Dodging        | 3 4 5 |  5.7
Stealth        | 3 |  3.8
Hexes          | 2 3 4 |  4.0
Air Magic      | 1 2 |  2.9
Fighting       | 1 |  1.7
Polearms       | 1 |  1.0
Invocations    | 1 3 |  3.8

Action                   |  1- 3 |  4- 6 |  7- 9 | 10-12 || total
-------------------------+-------+-------+-------+-------++-------
Melee: Scythe            |       |       |     1 |     7 ||     8
 Cast: Summon Small Mamm |     5 |       |     1 |     1 ||     7
       Call Imp          |     3 |     5 |     1 |     2 ||    11
       Call Canine Famil |     3 |     3 |     3 |     3 ||    12
       Summon Guardian G |       |     3 |     2 |       ||     5
       Summon Lightning  |       |     1 |     5 |     8 ||    14
       Summon Hydra      |       |       |    12 |     1 ||    13
       Swiftness         |       |       |     1 |       ||     1
       Airstrike         |       |       |     1 |       ||     1
       Monstrous Menager |       |       |     9 |    73 ||    82
       Dragon's Call     |       |       |       |     1 ||     1
  Use: Potion            |     1 |       |     3 |     3 ||     7
       Scroll            |       |       |       |     2 ||     2
Armor: Robe              |       |       |     7 |    29 ||    36
Dodge: Dodged            |     2 |     1 |    20 |    19 ||    42
